 Dungeon Crawl Stone Soup version 0.25-a0-1007-g10a8c3caa8 (webtiles) character file.

Game seed: 13483564970489751719, levelgen mode: deterministic

553 Flugslaktarn the Chopper (level 7, -6/61 HPs)
             Began as a Minotaur Fighter on May 11, 2020.
             Killed by nerve-wracking pain
             ... invoked by a shadow imp
              (14 damage)
             ... on level 4 of the Dungeon.
             The game lasted 00:00:47 (1204 turns).

Flugslaktarn the Chopper (Minotaur Fighter)         Turns: 1204, Time: 00:00:47

Health: -6/61      AC:  7    Str: 20    XL:     7   Next: 8%
Magic:  6/6        EV:  5    Int:  5    God:
Gold:   132        SH: 15    Dex: 12    Spells: 6/6 levels left

rFire    . . .     SeeInvis .   a - +0 war axe
rCold    . . .     Gourm    .   q - +0 tower shield
rNeg     . . .     Faith    .   b - +0 scale mail
rPois    .         Spirit   .   (helmet restricted)
rElec    .         Reflect  .   (no cloak)
rCorr    .         Harm     .   (no gloves)
MR       .....                  (no boots)
Stlth    ..........             (no amulet)
HPRegen  0.20/turn              (no ring)
MPRegen  0.10/turn              (no ring)

@: no status effects
A: retaliatory headbutt, horns 2
a: no special abilities


You were on level 4 of the Dungeon.
You were not hungry.

You visited 1 branch of the dungeon, and saw 4 of its levels.

You collected 132 gold pieces.

Inventory:

Hand Weapons
 a - a +0 war axe (weapon)
Armour
 b - a +0 scale mail (worn)
 c - a +0 kite shield
 q - a +0 tower shield (worn)
   (You found it on level 4 of the Dungeon)
Jewellery
 p - a +2 ring of evasion {unknown}
   (You found it on level 4 of the Dungeon)
Scrolls
 h - a scroll of fear {unknown}
 k - a scroll of fog {unknown}
 m - a scroll of immolation {unknown}
 n - 2 scrolls of remove curse {unknown}
 o - 2 scrolls of amnesia {unknown}
Potions
 d - 2 potions of might
 g - a potion of degeneration {unknown}
 i - 2 potions of haste {unknown}
 j - a potion of brilliance {unknown}
 l - a potion of heal wounds {unknown}
Comestibles
 e - a ration
 f - 7 chunks of flesh


   Skills:
 + Level 5.4 Fighting
 * Level 6.1 Axes
 + Level 5.4 Armour
 + Level 5.4 Shields


You had 6 spell levels left.
You didn't know any spells.
Your spell library was empty.

Dungeon Overview and Level Annotations

Branches:
Dungeon (4/15)
 Temple: D:4-7

Altars:
Trog


Innate Abilities, Weirdness & Mutations

You reflexively headbutt those who attack you in melee.
You have a pair of horns on your head.


Message History

You hit the shadow imp. The gnoll hits you with a +0 spear!
* * * LOW HITPOINT WARNING * * *
The shadow imp hits you but does no damage.
You block the gnoll's attack.
You are too injured to fight recklessly!
You are too injured to fight recklessly!
You are too injured to fight recklessly!
Unknown command.
The gnoll barely misses you.
You are too injured to fight recklessly!
You are too injured to fight recklessly!
You are too injured to fight recklessly!
The shadow imp gestures at you. Pain shoots through your body!
* * * LOW HITPOINT WARNING * * *
Some of the chunks of flesh in your inventory have rotted away.
The shadow imp shouts, "Escape, thou bootless flap-mouthed toady!"
The shadow imp gestures at you. Pain shoots through your body!
You die...

##### ######## ##..gl
#....>.###########..###
#.....@..5ag.g.....##..
#.#############.####...
#.# #.# #.... #.#
#.##..... #.# ###......
#######.### ......
#####.........# ......
...........#..# ......
.####.###.....# ......


You could see a worker ant, 2 gnolls and a shadow imp.

Vanquished Creatures
  2 eyes of draining (D:4)
  A bullfrog (D:4)
  A howler monkey (D:4)
  2 hounds (D:4)
  A jelly (D:4)
  2 orc wizards (D:4)
  4 adders
  5 gnolls (D:4)
  An adder skeleton (D:4)
  2 dart slugs (D:1)
  8 orcs (D:4)
  2 giant cockroaches (D:4)
  2 hobgoblins (D:3)
  6 jackals
  A quokka (D:4)
  2 frilled lizards
  3 goblins
  A kobold (D:4)
  3 rats
49 creatures vanquished.

Notes
Turn   | Place    | Note
-------+----------+-------------------------------------------
     0 | D:1      | Flugslaktarn the Minotaur Fighter began the quest for the
                  | Orb.
     0 | D:1      | Reached XP level 1. HP: 19/19 MP: 0/0
    75 | D:1      | Reached XP level 2. HP: 12/27 MP: 1/1
   312 | D:3      | Reached skill level 3 in Axes
   324 | D:3      | Reached XP level 3. HP: 31/33 MP: 2/2
   481 | D:4      | Reached XP level 4. HP: 35/40 MP: 3/3
   505 | D:4      | Reached skill level 4 in Axes
   688 | D:4      | Reached XP level 5. HP: 47/47 MP: 4/4
   977 | D:4      | Reached skill level 5 in Axes
   986 | D:4      | Found a bloodstained altar of Trog.
   986 | D:4      | Noticed an eye of draining
   987 | D:4      | Noticed an eye of draining
   994 | D:4      | Killed an eye of draining
   994 | D:4      | Reached skill level 5 in Fighting
   994 | D:4      | Reached skill level 5 in Armour
   994 | D:4      | Reached skill level 5 in Shields
   994 | D:4      | Reached XP level 6. HP: 56/56 MP: 0/5
  1122 | D:4      | Reached skill level 6 in Axes
  1165 | D:4      | Reached XP level 7. HP: 61/61 MP: 6/6
  1204 | D:4      | Killed from afar by a shadow imp

Illustrated notes

Levels and vault maps discovered:
D:1:      dpeg_arrival_radiant, layout_basic, grunt_decor_arrowhead
D:2:      layout_basic
D:3:      layout_loops_ring, first_ration
D:4:      layout_loops_ring, trog_eyes_of_draining, kennysheep_cross_room

Skill      XL: |  1  2  3  4  5  6 |
---------------+-------------------+-----
Axes           | 3 4 5 6 |  6.1
Fighting       | 4 5 |  5.4
Armour         | 4 5 |  5.4
Shields        | 4 5 |  5.4

Action                   |  1- 3 |  4- 6 |  7- 9 || total
-------------------------+-------+-------+-------++-------
Melee: War axe           |    41 |    78 |    15 ||   134
       Headbutt          |     3 |    14 |     1 ||    18
  Eat: Chunk             |       |     1 |       ||     1
Armor: Scale mail        |    19 |    26 |     7 ||    52
Dodge: Dodged            |     8 |    21 |    10 ||    39
Block: Kite shield       |    15 |    38 |       ||    53
       Tower shield      |       |       |    32 ||    32

Table legend:
 A = Non-vault XP
 B = Vault XP
 C = Vault XP percentage of total XP
 D = Non-vault monster count
 E = Vault monster count
 F = Vault count percentage of total count
                 A         B        C        D         E       F
            +---------+---------+-------+---------+---------+-------
      Total |     542 |     248 |  31.4 |      45 |       4 |   8.2
            +---------+---------+-------+---------+---------+-------
        D:1 |      13 |       0 |   0.0 |       6 |       0 |   0.0
        D:2 |       6 |       0 |   0.0 |       4 |       0 |   0.0
        D:3 |      46 |       0 |   0.0 |       6 |       0 |   0.0
        D:4 |     477 |     248 |  34.2 |      29 |       4 |  12.1
            +---------+---------+-------+---------+---------+-------
